 Dungeon Crawl Stone Soup version 0.28-a0-461-g2dc4ca5097 (webtiles) character file.

Game seed: 8683399466681472459

19910 mathmaestro the Grappler (level 12, -5/119 HPs)
             Began as a Troll Monk on Sept 13, 2021.
             Killed by divine providence
             ... invoked by Saint Roka
              (14 damage)
             ... on level 2 of the Orcish Mines.
             The game lasted 00:27:55 (10057 turns).

mathmaestro the Grappler (Troll Monk)              Turns: 10057, Time: 00:27:55

Health: -5/119     AC: 10    Str: 26    XL:     12   Next: 40%
Magic:  11/11      EV: 11    Int:  6    God:
Gold:   1565       SH: 10    Dex: 10    Spells: 11/11 levels left

rFire   . . .      SeeInvis +     - Unarmed
rCold   + . .      Faith    .   u - +0 kite shield
rNeg    . . .      Spirit   .   m - +0 swamp dragon scales
rPois   +          Reflect  .   (helmet restricted)
rElec   .          Harm     .   c - scarf {shadows}
rCorr   .          Rampage  .   (gloves unavailable)
Will    +....                   (boots unavailable)
Stlth   +.........              n - amulet of regeneration
HPRegen 2.29/turn               B - ring "Enedanum" {Slay+2 SInv}
MPRegen 0.12/turn               e - ring of protection from cold

@: studying 2 skills
A: large, unfitting armour, claws 3, regeneration 1, shaggy fur 1, tough skin 1,
clumsy 1, strong-willed 1, sense surroundings 1
a: no special abilities


You were on level 2 of the Orcish Mines.
You visited 3 branches of the dungeon, and saw 13 of its levels.
You also visited: Bailey.

You collected 1929 gold pieces.
You spent 364 gold pieces at shops.

Inventory:

Hand Weapons
 p - a +1 long sword of holy wrath
 A - a +1 whip of electrocution
 G - a +3 war axe
Missiles
 a - 16 poisoned darts
 d - 96 boomerangs
 h - 282 stones
 j - 57 bolts
 k - 107 arrows
 l - 46 sling bullets
 v - a throwing net
 I - 5 boomerangs of dispersal
 J - 2 javelins (quivered)
Armour
 c - a scarf of shadows (worn)
 m - +0 swamp dragon scales (worn)
 u - a +0 kite shield (worn)
Jewellery
 e - a ring of protection from cold (right claw)
 g - a ring of magical power
 i - a ring of fire
 n - an amulet of regeneration (around neck)
 B - the ring "Enedanum" (left claw) {Slay+2 SInv}
   (You bought it in a shop on level 6 of the Dungeon)

   [ring of see invisible]

   Slay:      It affects your accuracy & damage with ranged weapons and melee
   (+2).
   SInv:      It lets you see invisible.
Wands
 o - a wand of digging (8)
 z - a wand of mindburst (6)
 F - a wand of iceblast (12)
Scrolls
 b - a scroll of enchant weapon
 w - 2 scrolls of fog
 y - a scroll of enchant armour
 C - a scroll of teleportation
 H - a scroll of identify
Potions
 f - 2 potions of lignification
 q - a potion of magic
 r - 2 potions of haste
 s - 6 potions of heal wounds
 t - a potion of invisibility
 x - 4 potions of curing
 D - 3 potions of mutation
 E - 2 potions of cancellation


   Skills:
 + Level 7.8 Fighting
 + Level 3.7 Throwing
 + Level 4.8 Armour
 + Level 7.7 Dodging
 - Level 1.0 Stealth
 - Level 9.0 Shields
 + Level 11.4 Unarmed Combat
 + Level 5.2 Evocations


You had 11 spell levels left.
You didn't know any spells.
Your spell library contained the following spells:

 Spells                   Type           Power      Damage    Failure   Level
 Magic Dart               Conj           0%         1d3       58%         1
 Pain                     Necr           0%         1d4       58%         1
 Searing Ray              Conj           0%         2d4       73%         2
 Gell's Gravitas          Tloc           0%         N/A       91%         3
 Lesser Beckoning         Tloc           0%         N/A       91%         3
 Portal Projectile        Hex/Tloc       0%         N/A       91%         3
 Stone Arrow              Conj/Erth      0%         3d7       91%         3
 Teleport Other           Tloc           0%         N/A       91%         3
 Animate Armour           Summ/Erth      0%         N/A       100%        4
 Fulminant Prism          Conj/Hex       0%         3d6       100%        4
 Agony                    Necr           0%         N/A       100%        5
 Blade Hands              Tmut           0%         N/A       100%        5
 Excruciating Wounds      Necr           0%         N/A       100%        5
 Freezing Cloud           Conj/Ice/Air   0%         6-21      100%        5
 Iron Shot                Conj/Erth      0%         9d1       100%        6
 Simulacrum               Ice/Necr       0%         N/A       100%        6
 Lehudib's Crystal Spear  Conj/Erth      0%         10d2      100%        8
 Polar Vortex             Ice            0%         N/A       100%        9


Dungeon Overview and Level Annotations

Branches:
Dungeon (10/15)            Temple (1/1) D:6            Lair (0/6) D:9
    Orc (2/2) D:9             Elf (0/3) Orc:2        Bailey (visited)

Altars:
Ashenzari
Cheibriados
Dithmenos
Elyvilon
Fedhas
Gozag
Hepliaklqana
Kikubaaqudgha
Makhleb
Nemelex Xobeh
Okawaru
Qazlal
Ru
Sif Muna
Trog
Uskayaw
Vehumet
Wu Jian
Xom
Yredelemnul
Zin
The Shining One

Shops:
D:6 =   D:8 [

Annotations:
D:7 1 runed translucent door
Orc:2 Saint Roka


Innate Abilities, Weirdness & Mutations

You are too large for most types of armour.
You have claws for hands.
Your natural rate of healing is unusually fast.
You are covered in fur. (AC +1)
You have tough skin. (AC +1)
You are clumsy. (Dex -2)
You are strong-willed. (Will+)
You passively map a small area around you.


Message History

You throw a javelin. The javelin pierces through Saint Roka.
Saint Roka is lightly wounded.
Throw: 3 javelins
Press: ? - help, Q - select action, (/) - cycle Shift-Dir - straight line, f/p - Saint Roka
Aim: Saint Roka, wielding a +1 battleaxe and wearing a +0 plate armour of fire resistance (lightly wounded, 73% to hit)
You throw a javelin.
The javelin pierces through Saint Roka but does no damage.
Saint Roka is lightly wounded.
You completely miss Saint Roka.
Saint Roka is lightly wounded.
Saint Roka hits you with a +1 battleaxe!!
You scratch Saint Roka but do no damage.
Saint Roka is lightly wounded.
Saint Roka hits you with a +1 battleaxe!
You scratch Saint Roka.
Saint Roka is lightly wounded.
You block Saint Roka's attack.
You mangle Saint Roka!!
Saint Roka is lightly wounded.
Saint Roka hits you with a +1 battleaxe!!
You closely miss Saint Roka.
Saint Roka is lightly wounded.
You mangle Saint Roka!!
Saint Roka is moderately wounded.
You block Saint Roka's attack.
You mangle Saint Roka!!
Saint Roka is moderately wounded.
Saint Roka hits you with a +1 battleaxe!!
You scratch Saint Roka.
Saint Roka is moderately wounded.
Saint Roka hits you with a +1 battleaxe!!
* * * LOW HITPOINT WARNING * * *
Saint Roka invokes the aid of Beogh against you.
Beogh smites you!
* * * LOW HITPOINT WARNING * * *
Things that are here:
a +0 dagger; a +0 robe Saint Roka mumbles some strange prayers to Beogh against you.
Beogh smites you!
You die...

###..##.......###
,##.... ##....##......##
, ###.. #....####.#..##,
.÷...#.. ##.###.#.....#
,o÷...### ####...#.#<.#
,.÷...## #.......#.## ,
...o.# ##.........# , ,
#...# #.......).# , #...
#...#...@##### , *##...
##.##....)##.## *###....
#####.....o(.#####.....#
#....##.()((......##
#....###)........##.
##....##.......###).
##...##......##)...
#...##......)).)..
#..............)..


You could see Saint Roka.

Vanquished Creatures
  A two-headed ogre (Orc:2)
  Urug (Orc:2)
  Pikel (D:7)
  2 orc sorcerers
  3 orc knights (Orc:2)
  A manticore (D:10)
  Maurice (D:9)
  An ice statue (D:9)
  An unseen horror (D:10)
  Maggie (D:6)
  Joseph (D:7)
  A hornet (D:9)
  Prince Ribbit (D:7)
  9 yaks
  Eustachio (D:4)
  2 wraiths (D:10)
  A steam dragon (D:6)
  A warg (Orc:1)
  Grum (D:10)
  Menkaure (D:4)
  Edmund (D:4)
  An acid dragon (D:10)
  20 orc warriors
  A swamp drake (D:9)
  2 sky beasts (D:8)
  2 black bears
  A necrophage (D:7)
  4 ice beasts
  7 ogres
  3 wolves (D:10)
  2 centaurs
  A lemure (D:7)
  3 kobold brigands
  Blork the orc (D:6)
  4 bullfrogs
  2 wyvern zombies
  2 gnoll sergeants
  6 killer bees (D:8)
  2 electric eels (D:8)
  4 wights (D:8)
  A howler monkey (D:8)
  5 jellies
  15 orc priests
  A bullfrog skeleton (D:4)
  A centaur skeleton (D:5)
  3 hounds
  Ijyb (D:3)
  2 iguanas
  22 orc wizards
  A hound skeleton (D:5)
  28 gnolls
  A howler monkey skeleton (D:7)
  8 adders
  A shadow imp (D:7)
  2 white imps
  3 worms
  An adder skeleton (D:4)
  2 dart slugs
  69 orcs
  8 ball pythons
  5 endoplasms
  3 giant cockroaches
  8 goblins
  17 hobgoblins
  27 kobolds
  7 quokkas
  6 bats
  3 frilled lizards
  3 rats
355 creatures vanquished.

Vanquished Creatures (others)
  2 orc warriors
  An orc (D:9)
  A plant (D:10)
4 creatures vanquished.

Grand Total: 359 creatures vanquished

Notes
Turn   | Place    | Note
-------+----------+-------------------------------------------
     0 | D:1      | mathmaestro the Troll Monk began the quest for the Orb.
     0 | D:1      | Reached XP level 1. HP: 22/22 MP: 0/0
   118 | D:1      | Reached XP level 2. HP: 29/29 MP: 1/1
   708 | D:2      | Reached XP level 3. HP: 35/36 MP: 2/2
   773 | D:2      | Reached XP level 4. HP: 33/45 MP: 3/3
  1453 | D:3      | Noticed Ijyb
  1467 | D:3      | Killed Ijyb
  1468 | D:3      | Reached skill level 4 in Unarmed Combat
  1534 | D:3      | Found a hide-covered altar of Uskayaw.
  1539 | D:3      | Reached XP level 5. HP: 53/53 MP: 4/4
  2259 | D:4      | Reached skill level 1 in Shields
  2282 | D:4      | Reached XP level 6. HP: 62/62 MP: 5/5
  2299 | D:4      | Noticed Eustachio
  2316 | D:4      | Killed Eustachio
  2422 | D:4      | Noticed Edmund
  2433 | D:4      | Killed Edmund
  2434 | D:4      | Reached skill level 5 in Unarmed Combat
  2434 | D:4      | Reached XP level 7. HP: 70/70 MP: 6/6
  2578 | D:4      | Noticed Menkaure
  2587 | D:4      | Killed Menkaure
  2836 | D:5      | Entered Level 5 of the Dungeon
  3174 | D:5      | Reached XP level 8. HP: 53/79 MP: 7/7
  3190 | D:5      | Identified 2 scrolls of acquirement
  3190 | D:5      | Acquired a manual of Unarmed Combat
  3216 | D:5      | Acquired a scarf of shadows
  3801 | D:6      | Reached skill level 6 in Unarmed Combat
  3832 | D:6      | Reached skill level 5 in Fighting
  3849 | D:6      | Reached skill level 5 in Dodging
  3868 | D:6      | Found Cokhleog's Jewellery Boutique.
  4041 | D:6      | Reached skill level 7 in Unarmed Combat
  4094 | D:6      | Noticed Blork the orc
  4101 | D:6      | Killed Blork the orc
  4161 | D:6      | Found a sacrificial altar of Ru.
  4221 | D:6      | Found a staircase to the Ecumenical Temple.
  4227 | Temple   | Entered the Ecumenical Temple
  4622 | D:6      | Reached XP level 9. HP: 33/88 MP: 8/8
  4703 | D:6      | Noticed Maggie
  4721 | D:6      | Killed Maggie
  4722 | D:6      | Reached skill level 8 in Unarmed Combat
  4979 | D:7      | Reached skill level 1 in Armour
  5062 | D:7      | Noticed Pikel
  5083 | D:7      | Killed Pikel
  5084 | D:7      | Reached skill level 5 in Shields
  5084 | D:7      | Reached skill level 9 in Unarmed Combat
  5104 | D:7      | Found a runed translucent door.
  5105 | D:7      | Noticed a sixfirhy
  5107 | D:7      | Noticed Joseph
  5118 | D:7      | Killed Joseph
  5173 | D:7      | Noticed Prince Ribbit
  5200 | D:7      | Killed Prince Ribbit
  5243 | D:6      | Bought the ring "Enedanum" {Slay+2 SInv} for 364 gold
                  | pieces
  5290 | D:7      | Reached XP level 10. HP: 52/100 MP: 9/9
  5623 | D:8      | Found a shimmering blue altar of Sif Muna.
  5803 | D:8      | Found a flagged portal.
  5834 | Bailey   | Entered a bailey
  6023 | Bailey   | Reached XP level 11. HP: 107/107 MP: 10/10
  6102 | Bailey   | Gained mutation: You are clumsy. (Dex -2) [potion of
                  | mutation]
  6102 | Bailey   | Gained mutation: You passively map a small area around you.
                  | [potion of mutation]
  6102 | Bailey   | Gained mutation: You are strong-willed. (Will+) [potion of
                  | mutation]
  6435 | D:8      | Reached skill level 10 in Unarmed Combat
  6655 | D:8      | Found Funof's Antique Armour Emporium.
  6766 | D:9      | Noticed Maurice
  6776 | D:8      | Reached skill level 1 in Throwing
  6902 | D:9      | Found an ornate altar of the Wu Jian Council.
  7027 | D:9      | Killed Maurice
  7101 | D:9      | Found a staircase to the Orcish Mines.
  7216 | D:9      | Found a glowing golden altar of the Shining One.
  7367 | D:9      | Found a sparkling altar of Nemelex Xobeh.
  7534 | D:9      | Found a staircase to the Lair.
  7607 | D:10     | Entered Level 10 of the Dungeon
  7619 | D:10     | Noticed Grum
  7625 | D:10     | Found a burning altar of Makhleb.
  7650 | D:10     | Killed Grum
  8010 | D:10     | Found a blossoming altar of Fedhas.
  8252 | Orc:1    | Entered Level 1 of the Orcish Mines
  8718 | Orc:2    | Entered Level 2 of the Orcish Mines
  8718 | Orc:2    | Found a staircase to the Elven Halls.
  8741 | Orc:2    | Reached XP level 12. HP: 100/118 MP: 11/11
  8796 | Orc:2    | Noticed a two-headed ogre
  8801 | Orc:2    | Killed a two-headed ogre
  9194 | Orc:2    | Reached skill level 11 in Unarmed Combat
  9215 | Orc:2    | Reached skill level 5 in Evocations
  9379 | Orc:2    | Noticed Urug
  9393 | Orc:2    | Killed Urug
  9710 | Orc:2    | Noticed Saint Roka
 10057 | Orc:2    | Killed from afar by Saint Roka

Illustrated notes

Levels and vault maps discovered:
D:1:      lightli_arrival_flooded_house, layout_basic
D:2:      layout_loops_ring
D:3:      layout_basic, nicolae_uskayaw_murder_on_the_dancefloor,
          hangedman_feature_mirror, uniq_ijyb
D:4:      layout_gridville, uniq_menkaure, uniq_eustachio, uniq_edmund
D:5:      layout_cave_pods, minivault_27, minmay_manual_moon
D:6:      layout_gridville, mainiacjoe_overflow_brackets,
          minmay_temple_entry_fiery, serial_shops, nicolae_take_the_stairs,
          grunt_decor_cap, uniq_blork_the_orc, uniq_maggie
D:7:      cheibrodos_shockbox, layout_rooms, uniq_joseph, uniq_pikel,
          uniq_prince_ribbit1
D:8:      layout_loops_ring, led_sif_book, enter_bailey_3, serial_shops, shop,
          minivault_14
D:9:      minmay_statue_hallways, layout_basic, tso_metal_star,
          overflow_temple_1_default, mainiacjoe_overflow_boulevard,
          dpeg_oklobed_lair, erik_orc_1, uniq_maurice
D:10:     layout_rooms, fedhas_ov_isle_minmay, bloody_makhleb, serial_glass,
          glass_columns_a, glass_columns_a, glass_columns_a, glass_columns_a,
          glass_columns_c, glass_columns_b, glass_columns_a, glass_columns_b,
          uniq_grum
Temple:   eino_narrow_crystal_temple
Orc:1:    layout_caves
Orc:2:    grunt_orc_tribal_feast, layout_caves, uniq_saint_roka, uniq_urug

Skill      XL: |  1  2  3  4  5  6  7  8  9 10 11 12 |
---------------+-------------------------------------+-----
Fighting       | 3 4 5 6 7 |  7.8
Dodging        | 3 4 5 6 7 |  7.7
Unarmed Combat | 4 5 7 9 10 11 | 11.4
Shields        | 1 2 3 4 5 8 9 |  9.0
Armour         | 2 3 4 |  4.8
Evocations     | 4 5 |  5.2
Throwing       | 2 3 |  3.7
Stealth        | |  1.0

Action                   |  1- 3 |  4- 6 |  7- 9 | 10-12 || total
-------------------------+-------+-------+-------+-------++-------
Melee: Unarmed           |    58 |   155 |   287 |   615 ||  1115
       Punch             |       |     1 |     8 |       ||     9
Throw: Throwing net      |       |       |     1 |       ||     1
       Boomerang         |       |       |       |    28 ||    28
       Javelin           |       |       |       |     5 ||     5
Evoke: Wand              |       |     3 |     1 |     8 ||    12
  Use: Scroll            |       |       |    17 |     6 ||    23
       Potion            |       |       |       |     4 ||     4
 Stab: Sleeping          |     2 |     1 |     2 |       ||     5
       Paralysed         |       |     6 |       |       ||     6
       Held in net/web   |       |       |     1 |       ||     1
       Confused          |       |       |       |     1 ||     1
Armor: Robe              |    15 |    23 |    50 |       ||    88
       Swamp dragon scal |       |       |    22 |   121 ||   143
Dodge: Dodged            |    28 |    59 |   115 |   213 ||   415
Block: Kite shield       |       |       |    68 |   244 ||   312

Table legend: (Time is in decaauts)
 A = Elapsed time spent in this place.
 B = Non-inter-level travel time spent in this place.
 C = Inter-level travel time spent in this place.
 D = Time resting spent in this place.
 E = Time spent auto-exploring this place.
 F = Levels seen in this place.
 G = Mean time per level.
                   A        B        C        D        E       F      G
               +--------+--------+--------+--------+--------+-----+--------+
         Total |   9945 |   9495 |    450 |    461 |   6145 |  14 |  710.4 |
       Dungeon |   7841 |   7434 |    407 |    315 |   5029 |  10 |  784.1 |
        Temple |    179 |    165 |     14 |      0 |    155 |   1 |  179.0 |
  Orcish Mines |   1659 |   1631 |     28 |    146 |    856 |   2 |  829.5 |
        Bailey |    264 |    264 |      0 |      0 |    105 |   1 |  264.0 |
               +--------+--------+--------+--------+--------+-----+--------+

Top non-repeatable levels by time:
   Orc:2: 1155 daAuts
     D:9: 993 daAuts
     D:8: 978 daAuts
     D:5: 922 daAuts
     D:6: 910 daAuts
     D:3: 761 daAuts
     D:4: 734 daAuts
     D:7: 684 daAuts
     D:2: 681 daAuts
     D:1: 660 daAuts
    D:10: 513 daAuts
   Orc:1: 504 daAuts
  Bailey: 264 daAuts
  Temple: 179 daAuts
